 Dungeon Crawl Stone Soup version 0.32-a0-171-g4625e66871 (webtiles) character file.

Game seed: 4115944203813425531

1661311 momomo the Slayer (level 26, 245/245 HPs)
             Began as a Naga Monk on Feb 12, 2024.
             Was the Champion of Kikubaaqudgha.
             Escaped with the Orb
             ... and 3 runes!
             The game lasted 02:12:05 (67797 turns).

momomo the Slayer (Naga Monk)                      Turns: 67797, Time: 02:12:06

Health: 245/245    AC: 48    Str: 22    XL:     26   Next: 98%
Magic:  35/35      EV: 12    Int: 12    God:    Kikubaaqudgha [******]
Gold:   1102       SH: 33    Dex: 30    Spells: 31/41 levels left

rFire   + + .        w - +9 broad axe (chaos)
rCold   + + .        C - +8 tower shield {AC+3}
rNeg    . . .        v - +9 plate armour of the Iron Devil {rC+}
rPois   +            B - +0 helmet
rElec   .            i - scarf {rC+ rF+}
rCorr   .            F - +1 pair of gloves of the Modern Deaths {Regen+ Str+2}
SInv    +            l - +3 barding {Stlth+}
Will    +++..        Y - amulet of guardian spirit
Stlth   +            Q - ring of the Enemy {rF+ Dex+5 Stlth+}
HPRegen 1.40/turn    y - ring "Duejax" {AC+4 Int+2 Dex+5}
MPRegen 0.24/turn

%: guardian spirit
@: studying 3 skills, very slow
A: AC +8, large, see invisible, deformed body, poison resistance, slowness 2,
spit poison 1, naga tail 2, agile 1, dopey 1, frail 1, mutation resistance 1, no
potion heal 1, inability to read after injury 1, MP-powered wands
0: Orb of Zot
}: 3/15 runes: serpentine, barnacled, slimy
a: Spit Poison, Renounce Religion, Unearth Wretches, Torment, Brand Weapon With
Pain, Receive Forbidden Knowledge


You escaped.
You worshipped Kikubaaqudgha.
Kikubaaqudgha was exalted by your worship.
You visited 10 branches of the dungeon, and saw 51 of its levels.
You visited the Abyss 1 time.
You also visited: Trove and Ice Cave.

You collected 5614 gold pieces.
You spent 4512 gold pieces at shops.

Inventory:

Hand Weapons
 g - a +0 demon whip of distortion
 n - a +9 vampiric eveningstar
 w - a +9 broad axe of chaos (weapon)
Missiles
 N - 3 curare-tipped darts (quivered)
Armour
 i - a scarf of resistance (worn)
 l - a +3 barding of stealth (worn)
 v - the +9 plate armour of the Iron Devil (worn) {rC+}
   (You found it on level 2 of the Vaults)

   rC+:       It protects you from cold.
 B - a +0 helmet (worn)
 C - a +8 tower shield of protection (worn)
 F - the +1 pair of gloves of the Modern Deaths (worn) {Regen+ Str+2}
   (You found it in a treasure trove)

   Str+2:     It affects your strength (+2).
   Regen+:    It increases your rate of health regeneration.
Jewellery
 d - a ring of protection from cold
 f - an amulet of regeneration
 h - a +6 ring of strength
 q - the ring "Aciell" {Ice rElec rPois rN+ MP-9 Str+3 Slay+2}
   (You found it on level 2 of the Depths)

   [ring of ice]

   Ice:       It enhances your ice magic.
   Str+3:     It affects your strength (+3).
   Slay+2:    It affects your accuracy & damage with ranged weapons and melee
   (+2).
   rF-:       It makes you vulnerable to fire.
   rC+:       It protects you from cold.
   rElec:     It insulates you from electricity.
   rPois:     It protects you from poison rN+: It protects you from negative
   energy.
   MP-9:      It affects your magic capacity (-9).
 u - a ring of flight
 x - a ring of willpower
 y - the ring "Duejax" (right hand) {AC+4 Int+2 Dex+5}
   (You found it on level 5 of the Pits of Slime)

   [ring of protection]

   AC+4:      It affects your AC (+4).
   Int+2:     It affects your intelligence (+2).
   Dex+5:     It affects your dexterity (+5).
 M - a ring of protection from fire
 P - a ring of protection from cold
 Q - the ring of the Enemy (left hand) {rF+ Dex+5 Stlth+}
   (You took it off a deep elf high priest on level 3 of the Elven Halls)

   [ring of protection from fire]

   Dex+5:     It affects your dexterity (+5).
   rF+:       It protects you from fire.
   Stlth+:    It makes you more stealthy.
 Y - an amulet of guardian spirit (around neck)
 Z - a ring of resist corrosion
Talismans
 j - a granite talisman
Wands
 m - a wand of mindburst (11)
 H - a wand of light (17)
 I - a wand of digging (11) {@v3}
 S - a wand of paralysis (51)
 U - a wand of iceblast (33) {@v2}
Scrolls
 c - 7 scrolls of fear
 s - 4 scrolls of blinking {@r4}
 t - a scroll of vulnerability
 A - 3 scrolls of teleportation {@r3}
 D - a scroll of torment
 E - a scroll of brand weapon
 L - a scroll of fog
 R - a scroll of butterflies
 T - a scroll of silence
Potions
 a - 15 potions of curing {@q1}
 b - 5 potions of heal wounds {@q2}
 e - 5 potions of magic
 k - a potion of resistance {@q5}
 o - 12 potions of enlightenment
 p - a potion of invisibility
 r - 4 potions of ambrosia
 z - 2 potions of lignification
 K - 2 potions of might {@q3}
 O - a potion of cancellation
 W - 3 potions of haste {@q4}
Miscellaneous
 G - a box of beasts (inert)


   Skills:
 - Level 23.0 Fighting
 + Level 17.2(19.2) Axes
 - Level 14.0(17.5) Maces & Flails
 - Level 4.0(11.9) Polearms
 + Level 11.8 Armour
 - Level 13.5 Dodging
 - Level 2.6 Stealth
 - Level 18.7 Shields
 - Level 8.0 Spellcasting
 - Level 10.0 Translocations
 * Level 11.7 Evocations
 - Level 16.7 Shapeshifting


You had 31 spell levels left.
You knew the following spells:

 Your Spells              Type           Power      Damage    Failure   Level
a - Ozocubu's Armour      Ice            4%         N/A       100%        3
b - Blink                 Tloc           56%        N/A       9%          2
c - Apportation           Tloc           56%        N/A       5%          1
d - Passage of Golubria   Tloc           28%        N/A       47%         4

Your spell library contained the following spells:

 Spells                   Type           Power      Damage    Failure   Level
 Gell's Gravitas          Tloc           28%        N/A       16%         3
 Teleport Other           Tloc           28%        N/A       16%         3
 Manifold Assault         Tloc           28%        N/A       47%         4
 Volatile Blastmotes      Fire/Tloc      32%        2d12      77%         3
 Foxfire                  Conj/Fire      16%        2x1d4     97%         1
 Kiss of Death            Conj/Necr      16%        2d6       97%         1
 Magic Dart               Conj           16%        1d3       97%         1
 Necrotise                Necr           16%        1d4       97%         1
 Shock                    Conj/Air       16%        1d4       97%         1
 Slow                     Hex            16%        N/A       97%         1
 Sting                    Conj/Alch      16%        1d4       97%         1
 Summon Small Mammal      Summ           16%        N/A       97%         1
 Call Imp                 Summ           8%         N/A       99%         2
 Cigotuvi's Dreadful Rot  Necr/Alch/Air  8%         N/A       99%         2
 Ensorcelled Hibernation  Hex/Ice        8%         N/A       99%         2
 Jinxbite                 Hex            8%         N/A       99%         2
 Mercury Vapours          Alch/Air       8%         N/A       99%         2
 Sublimation of Blood     Necr           4%         N/A       99%         2
 Dimensional Bullseye     Hex/Tloc       8%         N/A       99%         4
 Iskenderun's Mystic Bla  Conj/Tloc      16%        2d5       99%         4
 Call Canine Familiar     Summ           4%         N/A       100%        3
 Confusing Touch          Hex            4%         N/A       100%        3
 Dazzling Flash           Conj/Hex       8%         N/A       100%        3
 Fugue of the Fallen      Necr           4%         N/A       100%        3
 Hailstorm                Conj/Ice       4%         3d5       100%        3
 Inner Flame              Hex/Fire       4%         N/A       100%        3
 Mephitic Cloud           Conj/Alch/Air  4%         N/A       100%        3
 Passwall                 Erth           4%         N/A       100%        3
 Sigil of Binding         Hex            4%         N/A       100%        3
 Summon Ice Beast         Ice/Summ       4%         N/A       100%        3
 Swiftness                Air            4%         N/A       100%        3
 Vampiric Draining        Necr           4%         2d6       100%        3
 Airstrike                Air            2%         2d(1-17)  100%        4
 Anguish                  Hex/Necr       2%         N/A       100%        4
 Animate Dead             Necr           4%         N/A       100%        4
 Cause Fear               Hex            2%         N/A       100%        4
 Dispel Undead            Necr           4%         3d7       100%        4
 Fulminant Prism          Conj/Alch      2%         3d5       100%        4
 Ignite Poison            Fire/Alch      4%         N/A       100%        4
 Martyr's Knell           Necr/Summ      4%         N/A       100%        4
 Olgreb's Toxic Radiance  Alch           4%         N/A       100%        4
 Sticky Flame             Fire/Alch      4%         2d4       100%        4
 Summon Blazeheart Golem  Fire/Summ      4%         N/A       100%        4
 Alistair's Intoxication  Alch           2%         N/A       100%        5
 Borgnjor's Vile Clutch   Necr/Erth      2%         N/A       100%        5
 Curse of Agony           Necr           4%         N/A       100%        5
 Fireball                 Conj/Fire      2%         3d4       100%        5
 Freezing Cloud           Conj/Ice/Air   2%         6-21      100%        5
 Irradiate                Conj/Alch      2%         3d12      100%        5
 Metabolic Englaciation   Hex/Ice        2%         N/A       100%        5
 Silence                  Hex/Air        2%         N/A       100%        5
 Death Channel            Necr           2%         N/A       100%        6
 Dispersal                Tloc           14%        N/A       100%        6
 Plasma Beam              Fire/Air       2%         2x1d12    100%        6
 Sculpt Simulacrum        Ice/Alch       2%         N/A       100%        6
 Starburst                Conj/Fire      2%         6d3       100%        6
 Haunt                    Necr/Summ      2%         N/A       100%        7
 Ozocubu's Refrigeration  Ice            2%         4d7       100%        7
 Summon Hydra             Summ           2%         N/A       100%        7
 Borgnjor's Revivificati  Necr           2%         N/A       100%        8
 Disjunction              Tloc           14%        N/A       100%        8
 Ignition                 Fire           2%         3d3       100%        8
 Lehudib's Crystal Spear  Conj/Erth      2%         10d2      100%        8
 Maxwell's Capacitive Co  Air            2%         ∞         100%        8
 Death's Door             Necr           2%         N/A       100%        9
 Dragon's Call            Summ           2%         N/A       100%        9
 Polar Vortex             Ice            2%         N/A       100%        9


Dungeon Overview and Level Annotations

Branches:
Dungeon (15/15)            Temple (0/1) D:7            Lair (5/5) D:11
 Shoals (4/4) Lair:3        Snake (4/4) Lair:3        Slime (5/5) Lair:5
    Orc (2/2) D:9             Elf (3/3) Orc:2        Vaults (4/5) D:13
  Crypt (0/3) Vaults:2     Depths (4/4) D:15            Zot (5/5) Depths:4
  IceCv (visited)

Altars:
Dithmenos
Elyvilon
Fedhas
Hepliaklqana
Kikubaaqudgha
Nemelex Xobeh
Qazlal
Ru
Sif Muna
Trog
Vehumet
Wu Jian
Xom
Yredelemnul
Zin
The Shining One
Lugonu

Shops:
D:1 ?   Orc:2 =**!   Elf:1 *   Elf:2 =   Elf:3 **   Shoals:1 (   Shoals:2 *
Shoals:3 *   Vaults:1 ?   Depths:1 ?!*(

Portals:
Hell: Depths:1 Depths:2 Depths:3 Depths:4
Abyss: Depths:3
Pandemonium: Depths:1 Depths:2
Ziggurat: Depths:3

Annotations:
D:8 4 transporters
D:15 exclusion: door
Shoals:2 6 transporters
Depths:2 2 transporters, NigelTetley's ghost, adept DgHu


Innate Abilities, Weirdness & Mutations

Your serpentine skin is tough. (AC +8)
You have supernaturally acute eyesight. (SInv)
Armour fits poorly on your strangely shaped body.
Your system is resistant to poisons. (rPois)
You cover ground very slowly.
You can spit poison.
You can use your snake-like lower body to constrict enemies.
You are agile. (Dex +4, Str/Int -1)
You are dopey. (Int -2)
You are frail. (-10% HP)
You are somewhat resistant to further mutation.
Potions are less effective at restoring your health.
You occasionally lose the ability to read scrolls when taking damage.
You expend magic power (3 MP) to strengthen your wands.


Message History

The Orb Guardian hits you but does no damage.
You slash the Orb Guardian!
You kill the Orb Guardian!
Kikubaaqudgha accepts your kill.
You climb upwards.
There is a stone staircase leading down here.
What level of the Dungeon? (default 3, ? - help)
There is a stone staircase leading up here.
You climb upwards.
There is a stone staircase leading down here.
You see here a +0 hand axe.
A sun demon comes into view.
The sun demon shouts!
You block the sun demon's attack. x2
You closely miss the sun demon. You grab the sun demon.
You constrict the sun demon. You block the sun demon's attack.
You slash the sun demon!
You constrict the sun demon, but do no damage.
You block the sun demon's attack.
You slash the sun demon! You freeze the sun demon. You constrict the sun demon.
You block the sun demon's attack.
You slice the sun demon!!
You kill the sun demon!
Kikubaaqudgha accepts your kill.
A blizzard demon comes into view.
You block the blizzard demon's attack.
The blizzard demon hits you but does no damage.
You slice the blizzard demon!! You burn the blizzard demon!
You grab the blizzard demon. You constrict the blizzard demon.
You block the blizzard demon's attack. x2
You hit the blizzard demon. You burn the blizzard demon.
You constrict the blizzard demon. You block the blizzard demon's attack.
The blizzard demon hits you but does no damage.
You hit the blizzard demon. You constrict the blizzard demon.
You slice the blizzard demon!!
You kill the blizzard demon!
Kikubaaqudgha accepts your kill.
There is an open door here.
There is a staircase leading out of the dungeon here.
You have escaped!

#........# #.##.#÷# #........#
########.##.#.# #........#
#........##.#.# ....######
#.#########.#.# #####
###########.####### #.#.## .#
#.................# #.#.## .####
#.###+#######'###.###.#.## ....#
#.#..⌠...>...⌠.)#..##.#.#.
....####.#......@......#.......##
.........'⌠...÷###....⌠'.#.......
....###..#.....÷.......#.........
.#### ##.#######'#######.....#...
## #.#.............#.#...#.## ###
#.#.............#.#...#.## ..##
#)#.............#.#.#.#.##
#..#####.###############.#...#.##
##....##.....................#.##


There were no monsters in sight!

Vanquished Creatures
  the Royal Jelly (Slime:5)
  Dissolution (Slime:5)
  A pandemonium lord (D:11)
  A dread lich (Zot:5)
  Frederick (Depths:3)
  3 ancient liches (Zot:5)
  6 orbs of fire (Zot:5)
  Mara (Vaults:4)
  A juggernaut (Depths:3)
  4 Killer Klowns
  Vashnia (Snake:2)
  5 caustic shrikes
  2 curse toes
  the Enchantress (Depths:3)
  A golden dragon (Depths:4)
  2 bone dragons
  A profane servitor (D:7)
  An electric golem (Zot:5)
  A hellephant (Depths:1)
  6 tentacled monstrosities
  Rupert (D:12)
  A walking crystal tome (Zot:4)
  A Hell Sentinel (D:11)
  23 Orb Guardians
  A titan (Depths:3)
  A walking earthen tome (Depths:2)
  A lich (Depths:2)
  2 deep elf blademasters (Elf:3)
  Mlioglotl (Snake:2)
  4 deep elf master archers (Elf:3)
  Polyphemus (Shoals:2)
  A walking frostbound tome (Zot:4)
  2 quicksilver dragons
  7 sphinxes
  3 walking divine tomes
  3 tentacled starspawn (Abyss:3)
  13 acid blobs
  An ancient champion (Vaults:2)
  2 krakens
  An Executioner (Abyss:3)
  Agnes (Snake:2)
  6 death cobs
  4 shadow dragons
  5 tengu reavers
  5 storm dragons
  7 nagarajas
  7 fire giants
  Aizul (Snake:2)
  8 azure jellies
  A daeva (Depths:3)
  3 draconian monks (Zot:5)
  Roxanne (Snake:1)
  A protean progenitor (Zot:5)
  8 rockslimes
  3 draconian shifters
  12 vault wardens
  11 deep elf sorcerers
  A demonspawn warmonger (Depths:1)
  4 narguns (Zot:4)
  Louise (Snake:1)
  An emperor scorpion (Zot:5)
  6 frost giants
  4 ghost moths
  9 deep elf elementalists
  3 spectral caustic shrikes (Depths:4)
  2 orc warlords
  9 quicksilver oozes
  2 draconian annihilators
  13 stone giants
  2 draconian stormcallers
  3 reapers
  4 spriggan defenders
  4 formless jellyfish
  17 ironbound preservers
  4 ironbound thunderhulks
  21 very ugly things
  5 green draconians
  4 deep elf demonologists
  4 black draconians
  5 dire elephants
  6 red draconians
  5 spark wasps
  9 deep elf annihilators
  2 vampire knights (Depths:2)
  4 yellow draconians
  6 deep elf death magi
  Azrael (Orc:1)
  The ghost of Nomaen the Martial Artist, a journeyman GnSh of Yredelemnul (Lair:4)
  7 purple draconians
  A demonspawn black sun (Zot:2)
  6 white draconians
  4 merfolk javelineers (Shoals:4)
  A quicksilver dragon zombie (Vaults:3)
  A green death (D:13)
  8 fire dragons
  8 ettins
  A blizzard demon (D:1)
  10 deep elf high priests
  The ghost of Titeruif the Grappler, a journeyman TrSh of Makhleb (D:11)
  5 merfolk impalers
  8 yaktaur captains
  An entropy weaver (Vaults:4)
  Josephine (D:10)
  9 great orbs of eyes
  Fannar (Lair:3)
  3 salamander tyrants (Snake:4)
  8 ice dragons
  A rakshasa (Depths:1)
  2 peacekeepers (Vaults:3)
  A caustic shrike simulacrum (IceCv)
  2 alligators (Zot:5)
  8 vault guards
  2 hell beasts
  3 merfolk aquamancers (Shoals:4)
  7 hydras
  5 spriggan air magi
  9 ironbound frosthearts
  4 alligator snapping turtles
  2 boulder beetles
  20 centaur warriors
  6 anacondas
  39 dancing weapons
  4 merfolk avatars
  3 tengu warriors
  A death knight (D:15)
  2 catoblepae
  2 satyrs (Shoals:3)
  12 deep troll shamans
  3 two-headed ogres
  3 hell hogs (Depths:1)
  20 deep troll earth magi
  A titan zombie (Vaults:3)
  11 naga warriors
  13 naga sharpshooters
  2 death yaks (Shoals:2)
  2 occultists
  11 shock serpents
  3 thrashing horrors (Abyss:3)
  3 orc high priests
  6 spriggan berserkers
  9 iron trolls
  A soul eater (Zot:2)
  19 deep elf knights
  7 hell knights (Vaults:4)
  7 skysharks
  A sun demon (D:1)
  A wretched star (Abyss:3)
  A titan skeleton (Vaults:2)
  A goliath frog (Depths:4)
  6 salamander mystics
  11 skeletal warriors
  A glowing orange brain (shapeshifter) (Depths:2)
  2 death drakes (Depths:3)
  7 sea snakes
  A shadow demon (Depths:2)
  3 spectral anacondas (Snake:4)
  5 arcanists
  62 deep trolls
  11 glowing orange brains
  8 mana vipers
  2 necromancers
  5 naga ritualists
  An anaconda skeleton (Snake:4)
  35 deep elf pyromancers
  10 ironbound convokers
  17 deep elf archers
  5 orc knights
  13 lindwurms
  18 harpies
  A human zombie (Vaults:3)
  26 deep elf zephyrmancers
  6 cyclopes
  15 manticores
  19 salamanders
  A shadow dragon skeleton (Vaults:2)
  14 fauns
  43 ugly things
  2 orc sorcerers
  16 elephants (Lair:3)
  4 merfolk sirens
  8 moths of wrath
  3 shining eyes
  4 kobold blastminers
  9 water nymphs
  A meliai (shapeshifter) (D:13)
  An apocalypse crab (Abyss:3)
  A stone giant skeleton (Vaults:2)
  A fire giant skeleton (Vaults:2)
  4 guardian serpents
  3 meliai (D:13)
  12 naga magi
  An orange demon (Abyss:3)
  22 black mambas
  16 vault sentinels
  An eye of devastation (shapeshifter) (Depths:2)
  19 cane toads
  A spectral sea snake (Snake:4)
  2 centaur zombies (D:11)
  2 eyes of devastation
  A gargoyle (D:11)
  8 large abominations (Abyss:3)
  4 smoke demons
  2 kobold demonologists
  An unseen horror (D:13)
  An anaconda simulacrum (IceCv)
  A golden dragon simulacrum (IceCv)
  A yaktaur (shapeshifter) (Elf:1)
  5 rime drakes
  7 komodo dragons
  24 yaktaurs
  2 efreet
  A freezing wraith (D:15)
  17 merfolk
  A spectral naga (Snake:4)
  3 tengu conjurers
  A queen bee (shapeshifter) (Elf:3)
  2 yaktaur skeletons (Vaults:2)
  2 tyrant leeches
  A merfolk (shapeshifter) (Depths:3)
  A polar bear (Lair:2)
  5 wind drakes
  A wolf spider simulacrum (D:15)
  A tarantella (Vaults:4)
  2 hornets (Depths:4)
  A spectral guardian serpent (Snake:4)
  7 trolls
  A wind drake (shapeshifter) (D:15)
  A tarantella (shapeshifter) (Depths:3)
  A glass eye (Depths:2)
  11 raiju (Abyss:3)
  6 snapping turtles
  8 blink frogs (Lair:5)
  4 dream sheep (Lair:3)
  2 centaur simulacra (D:11)
  A ynoxinul (Abyss:3)
  4 air elementals
  11 water elementals
  3 spriggans
  78 slime creatures
  47 yaks
  4 small abominations (Abyss:3)
  9 wraiths
  10 wyverns
  2 basilisks
  6 golden eyes
  11 wargs
  A neqoxec (Abyss:3)
  Grum (D:9)
  8 fire elementals
  A steam dragon (D:8)
  A death yak simulacrum (Lair:4)
  5 redbacks
  A harpy simulacrum (IceCv)
  5 sea snake simulacra (Snake:4)
  16 vampire mosquitoes
  38 nagas
  An acid dragon (D:11)
  2 chaos spawn
  An elf skeleton (Vaults:2)
  14 water moccasins
  A hydra simulacrum (IceCv)
  2 glowing shapeshifter skeletons (Vaults:2)
  4 guardian serpent simulacra (Snake:4)
  A hell hound (Orc:2)
  8 laughing skulls
  2 boulder beetle simulacra (Lair:4)
  An ice beast (D:5)
  40 orc warriors
  3 sky beasts
  2 black mamba simulacra (Lair:4)
  An ettin simulacrum (IceCv)
  A black bear (D:4)
  A crocodile (Orc:2)
  5 ogres
  17 wolves
  14 centaurs
  A human skeleton (Vaults:2)
  An elf simulacrum (Vaults:3)
  A phantom (D:5)
  8 kobold brigands
  A brain worm (Abyss:3)
  16 bullfrogs
  2 scorpions
  3 earth elementals
  3 naga simulacra (Snake:4)
  7 wights
  2 lindwurm simulacra (IceCv)
  5 killer bees
  3 howler monkeys
  4 electric eels
  15 orc priests
  A bombardier beetle (D:6)
  A hound (D:4)
  11 starcursed masses (Abyss:3)
  7 jellies
  A sleepcap (D:5)
  4 iguanas
  16 orc wizards
  A naga skeleton (Snake:4)
  Robin (D:3)
  3 gnolls (D:2)
  7 adders
  3 shadow imps
  2 white imps
  3 dart slugs
  3 ribbon worms
  95 orcs
  3 ball pythons
  2 bats (D:2)
  10 endoplasms
  4 giant cockroaches
  16 goblins
  7 hobgoblins
  13 jackals
  27 kobolds
  2 frilled lizards
  8 rats
  2 starspawn tentacles (Abyss:3)
  7 tentacles
2035 creatures vanquished.

Vanquished Creatures (collateral kills)
  2 Orb Guardians (Zot:5)
  An ettin (Depths:3)
  A fire dragon (Depths:3)
  A laughing skull (Abyss:3)
5 creatures vanquished.

Vanquished Creatures (others)
  An Orb Guardian (Zot:5)
  A draconian stormcaller (Zot:1)
  An ettin (Depths:3)
  A deep elf knight (Elf:2)
  A deep elf zephyrmancer (Elf:1)
  A large abomination (Abyss:3)
  A warg (Elf:3)
  A naga (Snake:4)
  2 hell hounds (Orc:1)
  An orc warrior (Elf:3)
  A spectral naga (Snake:4)
  2 orcs
  3 starspawn tentacles (Abyss:3)
  14 tentacles
31 creatures vanquished.

Grand Total: 2071 creatures vanquished

Notes
Turn   | Place    | Note
-------+----------+-------------------------------------------
     0 | D:1      | momomo the Naga Monk began the quest for the Orb.
     0 | D:1      | Reached XP level 1. HP: 21/21 MP: 1/1
     0 | D:1      | Noticed a jelly
     1 | D:1      | Found a runed translucent door.
    58 | D:1      | Reached skill level 1 in Stealth
   206 | D:1      | Found Pati's Magic Scroll Emporium.
   430 | D:1      | Reached XP level 2. HP: 28/28 MP: 2/2
   840 | D:2      | Found a glowing golden altar of the Shining One.
   892 | D:2      | Reached XP level 3. HP: 27/34 MP: 3/3
  1248 | D:2      | Reached XP level 4. HP: 9/42 MP: 4/4
  1911 | D:3      | Reached skill level 1 in Maces & Flails
  2643 | D:3      | Reached skill level 1 in Evocations
  2643 | D:3      | Reached XP level 5. HP: 50/50 MP: 5/5
  2841 | D:3      | Found a faded altar of an unknown god.
  2847 | D:3      | Prayed at the altar of an unknown god.
  2847 | D:3      | Became a worshipper of Kikubaaqudgha
  2847 | D:3      | Reached * piety under Kikubaaqudgha
  2847 | D:3      | Received a gift from Kikubaaqudgha
  2847 | D:3      | Reached ** piety under Kikubaaqudgha
  2852 | D:3      | Learned a level 3 spell: Ozocubu's Armour
  3125 | D:3      | Reached skill level 4 in Fighting
  3300 | D:3      | Noticed Robin
  3306 | D:3      | Reached *** piety under Kikubaaqudgha
  3306 | D:3      | Received a gift from Kikubaaqudgha
  3312 | D:3      | Killed Robin
  3455 | D:4      | Reached XP level 6. HP: 57/57 MP: 6/6
  3695 | D:4      | Found an ancient bone altar of Kikubaaqudgha.
  3821 | D:4      | Noticed a black bear
  3836 | D:4      | Killed a black bear
  4319 | D:4      | Reached XP level 7. HP: 61/64 MP: 7/7
  4637 | D:5      | Entered Level 5 of the Dungeon
  4653 | D:5      | Reached skill level 5 in Maces & Flails
  4967 | D:5      | Reached **** piety under Kikubaaqudgha
  5051 | D:5      | Found a glowing golden altar of the Shining One.
  5209 | D:5      | Reached XP level 8. HP: 71/72 MP: 8/8
  5272 | D:5      | Found a basalt altar of Yredelemnul.
  5328 | D:5      | Found a bloodstained altar of Trog.
  5359 | D:5      | Noticed an angel
  5469 | D:1      | Bought a scroll of enchant armour for 75 gold pieces
  5469 | D:1      | Bought 3 scrolls of teleportation for 90 gold pieces
  5469 | D:1      | Bought 2 scrolls of enchant weapon for 150 gold pieces
  5469 | D:1      | Bought a scroll of identify for 20 gold pieces
  5878 | D:6      | Noticed a yak
  5882 | D:6      | Noticed a yak
  5883 | D:6      | Noticed a yak
  5883 | D:6      | Noticed a yak
  5888 | D:6      | Noticed a yak
  5897 | D:5      | Killed a yak
  5971 | D:6      | Noticed a yak
  5979 | D:5      | Killed a yak
  5980 | D:5      | Reached skill level 5 in Evocations
  6128 | D:6      | Found a blossoming altar of Fedhas.
  6343 | D:6      | Killed a yak
  6344 | D:6      | Reached skill level 5 in Fighting
  6354 | D:6      | Killed a yak
  6355 | D:6      | Reached XP level 9. HP: 67/81 MP: 9/9
  6890 | D:7      | Reached skill level 6 in Fighting
  7042 | D:7      | Found a sacrificial altar of Ru.
  7102 | D:7      | Reached ***** piety under Kikubaaqudgha
  7218 | D:7      | Found a glowing silver altar of Zin.
  7221 | D:7      | Found a radiant altar of Vehumet.
  7348 | D:7      | Found a staircase to the Ecumenical Temple.
  7705 | D:8      | Reached skill level 10 in Maces & Flails
  7855 | D:8      | Found a transporter.
  7859 | D:8      | Found a transporter.
  7866 | D:8      | Reached skill level 1 in Armour
  7998 | D:8      | Found a shadowy altar of Dithmenos.
  8115 | D:8      | Reached XP level 10. HP: 79/92 MP: 10/10
  8202 | D:8      | Found a transporter.
  8203 | D:8      | Found a transporter.
  8219 | D:8      | Noticed a two-headed ogre
  8224 | D:8      | Killed a two-headed ogre
  8225 | D:8      | Reached skill level 7 in Fighting
  8786 | D:9      | Found a stormy altar of Qazlal.
  8805 | D:9      | Noticed a kobold demonologist
  8910 | D:8      | Killed a kobold demonologist
  8992 | D:9      | Noticed Grum
  9139 | D:9      | Killed Grum
  9293 | D:9      | Found a shimmering altar of Xom.
  9316 | D:9      | Found a staircase to the Orcish Mines.
  9430 | D:9      | Found a white marble altar of Elyvilon.
  9607 | D:9      | Found an ornate altar of the Wu Jian Council.
  9765 | D:9      | Noticed a two-headed ogre
  9773 | D:9      | Killed a two-headed ogre
 10013 | D:10     | Entered Level 10 of the Dungeon
 10318 | D:10     | Noticed Josephine
 10570 | D:10     | Noticed a kobold demonologist
 10576 | D:10     | Killed a kobold demonologist
 10577 | D:10     | Reached skill level 8 in Fighting
 10727 | D:10     | Reached XP level 11. HP: 103/103 MP: 11/11
 10750 | D:10     | Killed Josephine
 11300 | D:12     | Noticed a manticore
 11309 | D:12     | Killed a manticore
 11443 | D:12     | Noticed a green ugly thing
 11456 | D:12     | Killed a green ugly thing
 11457 | D:12     | Reached skill level 5 in Dodging
 11482 | D:12     | Noticed a cyclops
 11484 | D:12     | Noticed Rupert
 11724 | D:11     | Reached skill level 9 in Fighting
 11770 | D:11     | Found a staircase to the Lair.
 11772 | D:11     | Noticed a two-headed ogre
 11781 | D:11     | Killed a two-headed ogre
 11933 | D:11     | Noticed a manticore
 11942 | D:11     | Killed a manticore
 12180 | D:11     | Found a hazy altar of Hepliaklqana.
 12393 | D:11     | Found a runed translucent gate.
 12393 | D:11     | Found a runed translucent gate.
 12393 | D:11     | Found a runed translucent gate.
 12399 | D:11     | Noticed Titeruif's ghost (journeyman TrSh)
 12406 | D:11     | Noticed a cyclops
 12425 | D:11     | Killed a cyclops
 12896 | D:12     | Noticed a centaur warrior
 13033 | D:11     | Killed a centaur warrior
 13034 | D:11     | Reached XP level 12. HP: 89/116 MP: 12/12
 13169 | Lair:1   | Entered Level 1 of the Lair of Beasts
 13211 | Lair:1   | Reached skill level 10 in Fighting
 13509 | Lair:1   | Reached ****** piety under Kikubaaqudgha
 13510 | Lair:1   | Reached skill level 11 in Fighting
 14366 | Lair:2   | Identified the +0 robe "Bufuocol" {Will- Int+5 Dex+3}
 14464 | Lair:2   | Identified the +1 chain mail of Complete Protection {rElec
                  | Slay-2 Stlth+}
 14544 | Lair:2   | Reached skill level 1 in Shields
 15285 | Lair:3   | Noticed Fannar
 15530 | Lair:3   | Reached skill level 12 in Fighting
 15604 | Lair:3   | Found a staircase to the Snake Pit.
 15621 | Lair:3   | Reached skill level 5 in Shields
 15842 | Lair:3   | Gained mutation: You can use your snake-like lower body to
                  | constrict enemies. [Naga growth]
 15842 | Lair:3   | Reached XP level 13. HP: 67/130 MP: 13/13
 16355 | Lair:3   | Killed Fannar
 16524 | Lair:3   | Reached skill level 13 in Fighting
 16639 | Lair:3   | Found a staircase to the Shoals.
 17370 | Lair:4   | Found a runed translucent gate.
 17370 | Lair:4   | Found a runed translucent gate.
 17370 | Lair:4   | Found a runed translucent gate.
 17472 | Lair:4   | Noticed Nomaen's ghost (journeyman GnSh)
 18466 | Lair:5   | Entered Level 5 of the Lair of Beasts
 19619 | Lair:5   | Reached skill level 10 in Shields
 19619 | Lair:5   | Reached XP level 14. HP: 142/142 MP: 14/14
 19652 | Lair:5   | Reached skill level 14 in Fighting
 19994 | Lair:5   | Identified the +4 flail of Harmony {drain, Will+ Int-4
                  | Dex+4}
 20495 | Lair:5   | Found a staircase to the Slime Pits.
 20900 | D:12     | Killed Rupert
 20901 | D:12     | Reached skill level 15 in Fighting
 22766 | D:13     | Reached skill level 16 in Fighting
 22946 | D:13     | Found a gate to the Vaults.
 23161 | D:14     | Found a sparkling altar of Nemelex Xobeh.
 23377 | D:14     | Reached skill level 17 in Fighting
 23731 | D:14     | Reached XP level 15. HP: 88/160 MP: 15/15
 24256 | D:14     | Learned a level 2 spell: Blink
 24275 | D:15     | Entered Level 15 of the Dungeon
 24278 | D:15     | Reached skill level 18 in Fighting
 24859 | D:15     | Found a staircase to the Depths.
 25011 | D:15     | Found a shimmering blue altar of Sif Muna.
 26142 | Orc:1    | Entered Level 1 of the Orcish Mines
 26617 | Orc:1    | Reached skill level 19 in Fighting
 27581 | Orc:2    | Entered Level 2 of the Orcish Mines
 27638 | Orc:2    | Noticed Azrael
 27657 | Orc:1    | Killed Azrael
 28730 | Orc:2    | Found a staircase to the Elven Halls.
 29149 | Orc:2    | Found Kaehul's General Store.
 29149 | Orc:2    | Found Qanletruqo's General Store.
 29151 | Orc:2    | Found Dekuism's Jewellery Boutique.
 29153 | Orc:2    | Found Xiungiyrr's Distillery.
 29160 | Orc:2    | Bought an amulet of guardian spirit for 300 gold pieces
 29170 | Orc:2    | Bought a potion of curing for 45 gold pieces
 29170 | Orc:2    | Bought a potion of heal wounds for 75 gold pieces
 29170 | Orc:2    | Bought a potion of haste for 150 gold pieces
 29285 | Orc:1    | Noticed an orc warlord
 29298 | Orc:2    | Killed an orc warlord
 29776 | Orc:2    | Reached skill level 20 in Fighting
 30061 | Orc:2    | Bought a scroll of silence for 142 gold pieces
 30061 | Orc:2    | Bought a scroll of teleportation for 45 gold pieces
 30061 | Orc:2    | Bought a potion of curing for 45 gold pieces
 30497 | Lair:4   | Killed Nomaen's ghost
 30498 | Lair:4   | Reached skill level 1 in Axes
 30505 | Lair:4   | Reached XP level 16. HP: 48/177 MP: 6/16
 30945 | Snake:1  | Entered Level 1 of the Snake Pit
 30945 | Snake:1  | Noticed Roxanne
 30985 | Snake:1  | Killed Roxanne
 30986 | Snake:1  | Reached skill level 1 in Shapeshifting
 31001 | Snake:1  | Reached skill level 5 in Shapeshifting
 31001 | Snake:1  | Reached XP level 17. HP: 185/186 MP: 17/17
 31126 | Snake:1  | Found a glacial archway.
 31142 | IceCv    | Entered an ice cave
 31484 | IceCv    | Found a transporter.
 31494 | IceCv    | Found a transporter.
 31587 | Snake:1  | Noticed Louise
 32476 | Snake:2  | Noticed Agnes
 32488 | Snake:2  | Killed Agnes
 32754 | Snake:2  | Found a basalt altar of Yredelemnul.
 32878 | Snake:2  | Noticed Mlioglotl
 32889 | Snake:2  | Killed Mlioglotl
 33305 | Snake:2  | Identified the serpent talisman of Lugonu's Respect {rF-
                  | rN+ rCorr Dex+3}
 33305 | Snake:2  | Noticed Aizul
 33320 | Snake:2  | Killed Aizul
 33890 | Snake:2  | Noticed Vashnia
 33916 | Snake:2  | Killed Vashnia
 33917 | Snake:2  | Reached skill level 10 in Shapeshifting
 36223 | Snake:4  | Entered Level 4 of the Snake Pit
 36593 | Snake:4  | Reached XP level 18. HP: 139/194 MP: 15/18
 37230 | Snake:4  | Found a shimmering altar of Xom.
 38298 | Snake:4  | Got a serpentine rune of Zot
 39144 | Snake:1  | Killed Louise
 39461 | Snake:1  | Learned a level 1 spell: Apportation
 39466 | Snake:1  | Learned a level 4 spell: Passage of Golubria
 39706 | Elf:1    | Entered Level 1 of the Elven Halls
 39734 | Elf:1    | Reached skill level 15 in Shapeshifting
 40153 | Elf:1    | Found Riuch's Assorted Antiques.
 40161 | Elf:1    | Paralysed by an air elemental for 1 turns
 40181 | Elf:1    | Paralysed by an air elemental for 1 turns
 40234 | Elf:1    | Bought a potion of heal wounds for 140 gold pieces
 40234 | Elf:1    | Bought a scroll of fog for 112 gold pieces
 40234 | Elf:1    | Bought a scroll of blinking for 210 gold pieces
 40234 | Elf:1    | Bought a dented peridot amulet for 140 gold pieces
 40853 | Elf:2    | Reached XP level 19. HP: 202/202 MP: 19/19
 41139 | Elf:2    | Reached skill level 5 in Axes
 41456 | Elf:2    | Found Goasih's Jewellery Shop.
 41693 | Elf:2    | Found a runed translucent gate.
 41694 | Elf:2    | Found a runed translucent gate.
 41694 | Elf:2    | Found a runed translucent gate.
 41872 | Elf:3    | Entered Level 3 of the Elven Halls
 41991 | Elf:3    | Found Vuohior's General Store.
 42000 | Elf:3    | Found Beumol's General Store.
 42002 | Elf:3    | Bought a scroll of blinking for 97 gold pieces
 42016 | Elf:3    | Paralysed by an air elemental for 1 turns
 42504 | Elf:3    | Bought a scroll of blinking for 105 gold pieces
 43063 | Elf:3    | Reached skill level 10 in Axes
 43380 | Elf:3    | Reached XP level 20. HP: 145/211 MP: 14/20
 43621 | Elf:3    | Identified the +4 robe "Sextomy" {rF+ rC+ Str+3}
 43621 | Elf:3    | Identified the ring of Ziekaish {Fire rElec MP-9 Int+2}
 43755 | Elf:3    | Identified the ring of the Enemy {rF+ Dex+5 Stlth+}
 43974 | Elf:3    | Identified the staff "Yrghunn" {rF+ rN++ Earth}
 44269 | Elf:3    | Identified the +0 flail of Resourcefulness {flame, *Noise
                  | rCorr Str+2 Int+7}
 44284 | Elf:3    | Identified the +5 scale mail "Fatec" {Will+ Str+3 Dex-3
                  | Slay+3}
 46053 | D:11     | Killed Titeruif's ghost
 46280 | Shoals:1 | Entered Level 1 of the Shoals
 46607 | Shoals:1 | Found Semahis's Weapon Shoppe.
 46906 | Shoals:2 | Found Afuzxuiz's General Store.
 46945 | Shoals:2 | Found a transporter.
 46947 | Shoals:2 | Found a transporter.
 46969 | Shoals:2 | Bought 2 potions of heal wounds for 170 gold pieces
 46969 | Shoals:2 | Bought a scroll of blinking for 127 gold pieces
 46993 | Shoals:2 | Noticed Polyphemus
 47018 | Shoals:2 | Killed Polyphemus
 47037 | Shoals:2 | Found a transporter.
 47040 | Shoals:2 | Found a transporter.
 47367 | Shoals:2 | Found a transporter.
 47375 | Shoals:2 | Found a transporter.
 47880 | Shoals:3 | Found Ypladomn's General Store.
 47886 | Shoals:3 | Bought a scroll of acquirement for 572 gold pieces
 47886 | Shoals:3 | Bought a scroll of silence for 104 gold pieces
 47886 | Shoals:3 | Acquired a manual of Shapeshifting
 47941 | Shoals:4 | Entered Level 4 of the Shoals
 48177 | Shoals:4 | Reached XP level 21. HP: 219/219 MP: 18/21
 48298 | Shoals:4 | Got a barnacled rune of Zot
 48412 | Shoals:4 | Reached skill level 15 in Axes
 48804 | Shoals:4 | Identified the +4 orcbow "Demonslayer" {heavy, rElec rF+
                  | Stlth+}
 49082 | Vaults:1 | Entered Level 1 of the Vaults
 49112 | Vaults:1 | Reached skill level 1 in Translocations
 49335 | Vaults:1 | Identified the +3 dire flail of the Median {protect, rC++
                  | Str+3}
 49392 | Vaults:1 | Reached skill level 1 in Spellcasting
 49504 | Vaults:1 | Found a portal to a secret trove of treasure.
 49886 | Vaults:1 | Identified the -1 hat "Hestiuw" {-Tele +Inv Will++ Str-4}
 50137 | Vaults:1 | Found Cadu Esm's Magic Scroll Boutique.
 50189 | Vaults:1 | Bought a scroll of teleportation for 45 gold pieces
 50277 | Vaults:1 | Reached skill level 5 in Translocations
 50582 | Vaults:2 | You fall into a shaft and drop 2 floors!
 50621 | Vaults:4 | Noticed Mara
 50630 | Vaults:4 | Killed Mara
 50692 | Vaults:4 | Identified the +5 short sword of Shrieking Tenacity
                  | {freeze, rElec rCorr Dex+3}
 50848 | Vaults:4 | Identified the +2 arbalest of Linearity {heavy, rPois rF+
                  | Stlth-}
 51227 | Vaults:4 | Reached XP level 22. HP: 225/225 MP: 20/29
 51235 | Vaults:4 | Reached skill level 5 in Spellcasting
 52375 | Vaults:3 | Reached skill level 15 in Shields
 52421 | Vaults:3 | Reached skill level 10 in Dodging
 53106 | Vaults:2 | Paralysed by a sphinx for 5 turns
 53771 | Vaults:2 | Reached XP level 23. HP: 237/237 MP: 32/32
 54001 | Vaults:2 | Found a staircase to the Crypt.
 54406 | Vaults:2 | Identified the +9 plate armour of the Iron Devil {rC+}
 54772 | Depths:1 | Entered Level 1 of the Depths
 54940 | Depths:1 | Identified the +7 long sword "Pitoesk" {spect, ^Fragile
                  | rPois Int+3}
 54955 | Depths:1 | Found Heqizoe's Antique Weapon Shoppe.
 55017 | Depths:1 | Found Jonav's CLEARANCE SALE!.
 55024 | Depths:1 | Bought a wand of iceblast (4) for 38 gold pieces
 55049 | Depths:1 | Found a gateway to Hell.
 55070 | Depths:1 | Found Naffargha's Distillery.
 55070 | Depths:1 | Found Onlapusk's Magic Scroll Emporium.
 55325 | Depths:1 | Bought a potion of curing for 57 gold pieces
 55325 | Depths:1 | Bought a potion of curing for 57 gold pieces
 55325 | Depths:1 | Bought a potion of cancellation for 152 gold pieces
 55325 | Depths:1 | Bought a potion of curing for 57 gold pieces
 55325 | Depths:1 | Bought 2 potions of haste for 380 gold pieces
 55329 | Depths:1 | Bought a scroll of brand weapon for 114 gold pieces
 55329 | Depths:1 | Bought a scroll of silence for 114 gold pieces
 55644 | Depths:1 | Found a one-way gate leading to the halls of Pandemonium.
 55685 | Depths:1 | Reached skill level 21 in Fighting
 56161 | Depths:1 | Reached skill level 5 in Armour
 56736 | Depths:2 | Noticed NigelTetley's ghost (adept DgHu)
 56737 | Depths:2 | Found a bloodstained altar of Trog.
 56737 | Depths:2 | Found a transporter.
 56737 | Depths:2 | Noticed a juggernaut
 56756 | Depths:2 | Found a transporter.
 57288 | Depths:2 | Got the Tome of Soot
 57343 | Depths:2 | Identified the ring "Aciell" {Ice rElec rPois rN+ MP-9
                  | Str+3 Slay+2}
 57576 | Depths:3 | Noticed a juggernaut
 57584 | Depths:3 | Noticed the Enchantress
 57594 | Depths:3 | Found a one-way gateway to a ziggurat.
 57595 | Depths:3 | Identified the orb of Qazlal, Flying {*channel, rC- Int+5}
 57595 | Depths:3 | Noticed Frederick
 57601 | Depths:3 | Noticed a caustic shrike
 57607 | Abyss:3  | Cast into level 3 of the Abyss (the Enchantress)
 57664 | Abyss:3  | Found a corrupted altar of Lugonu.
 57670 | Abyss:3  | Found a corrupted altar of Lugonu.
 57670 | Abyss:3  | Found a corrupted altar of Lugonu.
 57833 | Abyss:3  | Reached XP level 24. HP: 207/244 MP: 32/32
 57989 | Depths:3 | Escaped the Abyss
 58137 | Depths:3 | Found a corrupted altar of Lugonu.
 58137 | Depths:3 | Found a one-way gate to the infinite horrors of the Abyss.
 58159 | Depths:3 | Killed Frederick
 58324 | Depths:3 | Killed the Enchantress
 58365 | Depths:3 | Killed a caustic shrike
 58366 | Depths:3 | Reached skill level 22 in Fighting
 58731 | Depths:3 | Noticed a caustic shrike
 58741 | Depths:3 | Killed a caustic shrike
 58839 | Depths:3 | Identified the +1 trident of Amortisation {venom, Fly}
 58855 | Depths:3 | Killed a juggernaut
 59355 | Depths:4 | Entered Level 4 of the Depths
 59407 | Depths:4 | Noticed a caustic shrike
 59408 | Depths:4 | Noticed a caustic shrike
 59410 | Depths:4 | Noticed a caustic shrike
 59413 | Depths:4 | Killed a caustic shrike
 59416 | Depths:4 | Killed a caustic shrike
 59421 | Depths:4 | Killed a caustic shrike
 59706 | Depths:4 | Found a gate to the Realm of Zot.
 59721 | Depths:4 | Found a shimmering altar of Xom.
 59758 | Depths:4 | Reached XP level 25. HP: 260/260 MP: 5/32
 60672 | Slime:1  | Entered Level 1 of the Pits of Slime
 61043 | Slime:5  | Entered Level 5 of the Pits of Slime
 61352 | Slime:5  | Noticed the Royal Jelly
 61359 | Slime:5  | Noticed Dissolution
 61362 | Slime:5  | Killed the Royal Jelly
 61388 | Slime:5  | Paralysed by a formless jellyfish for 1 turns
 61444 | Slime:5  | Identified the ring of the Philosopher {Fire MP+9 Int+3}
 61462 | Slime:5  | Identified the ring of the Magpie {rElec rF+ Will+ Dex+2
                  | Slay-5}
 61543 | Slime:5  | Identified the +0 robe of Inviolability {rF++}
 61549 | Slime:5  | Gained mutation: Your magical capacity is low. (-10% MP) [a
                  | shining eye]
 61945 | Slime:5  | Killed Dissolution
 62010 | Slime:5  | Identified the +1 chain mail of the Seven Visions {rPois}
 62014 | Slime:5  | Identified the +8 plate armour "Xots" {Regen+}
 62044 | Slime:5  | Got a slimy rune of Zot
 62045 | Slime:5  | Identified the ring of Cil Yluist {Ice SInv}
 62059 | Slime:5  | Identified the ring "Duejax" {AC+4 Int+2 Dex+5}
 62392 | Vaults:1 | You showed the slimy rune of Zot to enter a treasure trove
 62393 | Trove    | Entered a treasure trove
 62395 | Trove    | Found the +2 cloak of the Thief {*Fog Slay-2 SInv Stlth+}
 62423 | Trove    | Identified the +0 pair of gloves of Puts {rPois rN+ Regen+}
 62426 | Trove    | Identified the +1 pair of gloves of the Modern Deaths
                  | {Regen+ Str+2}
 62472 | Trove    | Identified the +0 kite shield "Funoreti" {rF+ Str+5 Int+4}
 62811 | Zot:1    | Entered Level 1 of the Realm of Zot
 63654 | Orc:2    | Bought 2 potions of magic for 240 gold pieces
 63654 | Orc:2    | Bought a potion of magic for 120 gold pieces
 63754 | Elf:1    | Bought a potion of mutation for 224 gold pieces
 64186 | Zot:3    | Noticed a Killer Klown
 64213 | Zot:3    | Killed a Killer Klown
 64465 | Zot:4    | Identified the +6 double sword of Rareawn {spect, rC+
                  | Dex+2}
 64718 | Zot:5    | Entered Level 5 of the Realm of Zot
 64719 | Zot:5    | Noticed a Killer Klown
 64762 | Zot:5    | Reached XP level 26. HP: 229/271 MP: 2/29
 65128 | Zot:5    | Killed a Killer Klown
 65297 | Zot:5    | Reached skill level 10 in Armour
 65632 | Zot:5    | Noticed a Killer Klown
 65685 | Zot:5    | Noticed an orb of fire
 65703 | Zot:5    | Killed an orb of fire
 65836 | Zot:5    | Noticed an orb of fire
 65838 | Zot:5    | Noticed an orb of fire
 65842 | Zot:5    | Gained mutation: Your health recovers twice as slowly from
                  | being drained. [an orb of fire]
 65842 | Zot:5    | Noticed a dread lich
 65844 | Zot:5    | Gained mutation: You are partially covered in iridescent
                  | scales. (AC +2) [an orb of fire]
 65844 | Zot:5    | Noticed an orb of fire
 65853 | Zot:5    | Lost mutation: You are partially covered in iridescent
                  | scales. (AC +2) [an orb of fire]
 65856 | Zot:5    | Killed an orb of fire
 65863 | Zot:5    | Gained mutation: You are strong-willed. (Will+) [an orb of
                  | fire]
 65866 | Zot:5    | Gained mutation: You are dopey. (Int -2) [an orb of fire]
 65869 | Zot:5    | Killed an orb of fire
 65872 | Zot:5    | Gained mutation: Your magical capacity is very low. (-20%
                  | MP) [an orb of fire]
 65885 | Zot:5    | Killed an orb of fire
 65895 | Zot:5    | Killed a dread lich
 65905 | Zot:5    | Reached skill level 23 in Fighting
 65925 | Zot:5    | Killed a Killer Klown
 66109 | Zot:5    | Noticed an ancient lich
 66127 | Zot:5    | Killed an ancient lich
 66128 | Zot:5    | Reached skill level 10 in Translocations
 66233 | Zot:5    | Lost mutation: You are strong-willed. (Will+) [potion of
                  | mutation]
 66233 | Zot:5    | Lost mutation: You are dopey. (Int -2) [potion of mutation]
 66233 | Zot:5    | Gained mutation: Your body sometimes deteriorates upon
                  | taking damage. [potion of mutation]
 66233 | Zot:5    | Gained mutation: Your mind is acute. (Int +4, Str/Dex -1)
                  | [potion of mutation]
 66233 | Zot:5    | Gained mutation: You occasionally lose the ability to read
                  | scrolls when taking damage. [potion of mutation]
 66234 | Zot:5    | Lost mutation: Your mind is acute. (Int +4, Str/Dex -1)
                  | [potion of mutation]
 66234 | Zot:5    | Lost mutation: Your body sometimes deteriorates upon taking
                  | damage. [potion of mutation]
 66234 | Zot:5    | Lost mutation: Your magical capacity is very low. (-20% MP)
                  | [potion of mutation]
 66234 | Zot:5    | Gained mutation: You are weak. (Str -2) [potion of
                  | mutation]
 66235 | Zot:5    | Lost mutation: Your magical capacity is low. (-10% MP)
                  | [potion of mutation]
 66235 | Zot:5    | Lost mutation: You are weak. (Str -2) [potion of mutation]
 66235 | Zot:5    | Lost mutation: You occasionally lose the ability to read
                  | scrolls when taking damage. [potion of mutation]
 66235 | Zot:5    | Gained mutation: You are frail. (-10% HP) [potion of
                  | mutation]
 66235 | Zot:5    | Lost mutation: You are frail. (-10% HP) [potion of
                  | mutation]
 66235 | Zot:5    | Gained mutation: You are weak. (Str -2) [potion of
                  | mutation]
 66235 | Zot:5    | Gained mutation: You are agile. (Dex +4, Str/Int -1)
                  | [potion of mutation]
 66395 | Zot:5    | Noticed an orb of fire
 66401 | Zot:5    | Noticed an orb of fire
 66405 | Zot:5    | Noticed a Killer Klown
 66416 | Zot:5    | Noticed an ancient lich
 66419 | Zot:5    | Reached skill level 10 in Evocations
 66423 | Zot:5    | Gained mutation: You are dopey. (Int -2) [an orb of fire]
 66425 | Zot:5    | Gained mutation: You occasionally lose the ability to read
                  | scrolls when taking damage. [an orb of fire]
 66429 | Zot:5    | Gained mutation: You are frail. (-10% HP) [an orb of fire]
 66432 | Zot:5    | Killed an ancient lich
 66437 | Zot:5    | Killed an orb of fire
 66441 | Zot:5    | Killed an orb of fire
 66456 | Zot:5    | Killed a Killer Klown
 66485 | Zot:5    | Noticed an orb of fire
 66499 | Zot:5    | Noticed an ancient lich
 66515 | Zot:5    | Killed an ancient lich
 67011 | Zot:5    | Lost mutation: You are dopey. (Int -2) [potion of mutation]
 67011 | Zot:5    | Lost mutation: You are weak. (Str -2) [potion of mutation]
 67011 | Zot:5    | Gained mutation: You are dopey. (Int -2) [potion of
                  | mutation]
 67011 | Zot:5    | Gained mutation: Your muscles are strong. (Str +4, Int/Dex
                  | -1) [potion of mutation]
 67011 | Zot:5    | Gained mutation: You expend magic power (3 MP) to
                  | strengthen your wands. [potion of mutation]
 67012 | Zot:5    | Lost mutation: Your muscles are strong. (Str +4, Int/Dex
                  | -1) [potion of mutation]
 67012 | Zot:5    | Lost mutation: Your health recovers twice as slowly from
                  | being drained. [potion of mutation]
 67012 | Zot:5    | Gained mutation: You are somewhat resistant to further
                  | mutation. [potion of mutation]
 67018 | Zot:5    | Got the Orb of Zot
 67049 | Zot:5    | Gained mutation: Potions are less effective at restoring
                  | your health. [an orb of fire]
 67434 | D:12     | Noticed Tuppooru the pandemonium lord
 67514 | D:11     | Killed Tuppooru the pandemonium lord
 67687 | D:3      | Noticed Pige the pandemonium lord
 67797 | D:$      | Escaped with the Orb!

Illustrated notes

Levels and vault maps discovered:
D:1:      dpeg_arrival_caged_fury, layout_basic, serial_shops, shop,
          minmay_tromino_v4_c
D:2:      layout_rooms, basic_altar
D:3:      layout_loops_ring, hellmonk_ecumenical_altar_crossroads,
          minmay_misc_feat_four_crosses, kennysheep_small_spiral,
          minmay_starry_boxes, uniq_robin
D:4:      minmay_bubble_buster, layout_basic, amcnicky_altar_gilded
D:5:      layout_cave_pools, lightli_temple_of_fire,
          grunt_temple_overflow_holy_war
D:6:      layout_rooms, mainiacjoe_overflow_concentric_impassable
D:7:      layout_cave_pools, fiery_altar_vehumet, old_standard_altar,
          zin_academy, minmay_temple_entry_crystal_x
D:8:      layout_basic, nicolae_dithmenos_through_a_glass_darkly,
          ebering_dispersal_statue_hall, nicolae_diode_quadrants
D:9:      layout_small_grid, nzn_wu_jian_council_hall, lemuel_crystal_altar,
          elyvilon_altar_5, kennysheep_mini_moat, minmay_orc_entry_temple_small,
          uniq_grum
D:10:     layout_rooms, uniq_josephine
D:11:     erik_rubicon_a, layout_stronghold, minmay_lair_entry_grove,
          gammafunk_ghost_necromancy, nicolae_hepliaklqana_hippocampus
D:12:     layout_stronghold, nicolae_tricolors, uniq_rupert
D:13:     layout_loops_ring, david_vaults_5
D:14:     minmay_open_boxes_in_corner, layout_basic, nemelex_spade_bored_becter
D:15:     hangedman_depths_entry_try_elsewhere_first, layout_loops_corners,
          led_sif_book
Lair:1:   layout_cave_pods, infiniplex_staircase_pool, grunt_megastairs_3
Lair:2:   layout_regular_city
Lair:3:   layout_hall_layers, nicolae_shoals_entry_roost,
          guppyfry_snake_entry_island, grunt_megastairs_1, uniq_fannar
Lair:4:   layout_concentric_octagons, gammafunk_ghost_icy, serial_bayou_shore_a
Lair:5:   minmay_lair_end_frog_pond, layout_cave_shapes,
          nicolae_slime_entry_field_trip, grunt_forest_small_clearings
Shoals:1: layout_shoals, serial_shops, nicolae_shop_window_shopping
Shoals:2: nicolae_shoals_island_circles, layout_shoals, serial_shops, shop,
          serial_nicolae_subway, nicolae_sub_station_crystal,
          nicolae_sub_station_stone, nicolae_sub_station_metal, uniq_polyphemus
Shoals:3: layout_shoals, serial_shops, nicolae_shop_rolling_square
Shoals:4: shoals_end_hangedman, layout_shoals, yaktaur_hedge
Snake:1:  layout_misc_corridors, portal_ice_cave_entry_pillars_2,
          dpeg_stationary_puzzle, uniq_louise
Snake:2:  layout_cave_pods, basic_altar, uniq_agnes, uniq_aizul, uniq_vashnia,
          uniq_mlioglotl
Snake:3:  layout_honeycomb
Snake:4:  johnstein_snake_rune_scales, layout_layer_cave, basic_altar,
          grunt_ministairs_14, nicolae_snake_the_dead_are_slithering
Slime:1:  layout_caves, cheibrodos_slime_lost_civilization_7
Slime:2:  layout_caves
Slime:3:  layout_caves, special_room [special_room_jelly], basic_altar
Slime:4:  layout_caves
Slime:5:  slime_pit_nicolae_jellycorners, uniq_dissolution
Orc:1:    layout_caves, basic_altar, nooodl_orcs_dogs
Orc:2:    st_orc_rangers, layout_caves, nicolae_orc_seminary, uniq_azrael
Elf:1:    eino_elf_arrival_customs, layout_rooms, serial_glass, glass_columns_a,
          glass_columns_a, serial_shops, shop_statue,
          hangedman_elven_crosses_minicolossus,
          amcnicky_mini_rare_corridor_liquid
Elf:2:    nicolae_elf_blades_crystal_corner, layout_gridlike, serial_shops,
          shop_statue, minivault_11
Elf:3:    minmay_elf_hall_four_x, layout_gridlike, serial_shops,
          nicolae_shop_just_a_little_nook, shop, hangedman_elf_targeted_burst,
          serial_library_hellmonk_octagon
Vaults:1: nicolae_vaults_ring_of_whatevers, vaults_room_grid,
          vaults_mumra_chevron, nicolae_vaults_quartermaster, v_misc_9,
          nicolae_vaults_door_testing_chamber, nicolae_vaults_closet_pinwheel_1,
          nicolae_vaults_variable_pillar_hall, nicolae_vaults_tetromino_Z_1,
          layout_vaults_quadrants, serial_shops, nicolae_shop_statue_plus,
          nicolae_trove_entry_diagonal
Vaults:2: nicolae_vaults_puzzle_piece, vaults_mumra_minichess_inversion,
          v_misc_23, dpeg_vaults_monster_row, nicolae_vaults_closet_pinwheel_2,
          ontoclasm_vaults_shout, minmay_crypt_entry_skeletal_spiral,
          nicolae_vaults_little_squares_1, ontoclasm_vaults_ring_small,
          nicolae_vaults_storage_closets_1, nicolae_vaults_tetromino_Z_2,
          vaults_room_fours, layout_vaults_chaotic_city
Vaults:3: ontoclasm_vaults_hangar, nicolae_vaults_tetromino_T_2, v_misc_14,
          nicolae_vaults_storage_room_glass, v_misc_10, ontoclasm_vaults_pinch,
          grunt_vaults_diagonal, nicolae_vaults_network_star,
          nicolae_vaults_big_angled_halls, nicolae_vaults_octothorpe,
          vaults_room_octagon, nicolae_vaults_shrinking_rooms_2, v_misc_28,
          nicolae_vaults_closet_pinwheel_1, vaults_room_hallway,
          layout_vaults_maze_bifur
Vaults:4: ontoclasm_vaults_shuriken, vaults_room_grid,
          nicolae_vaults_trapezoid_layered, grunt_vaults_funnel,
          ontoclasm_vaults_idyll, v_rooms_1, v_misc_30, hangedman_vaults_trim,
          v_misc_19, nicolae_vaults_six-pack, nicolae_vaults_yaktaur_gun_rack,
          nicolae_vaults_apartment_1, layout_vaults_omnibox, uniq_mara
Depths:1: layout_honeycomb, serial_shops, nicolae_shop_peninsula,
          grunt_hell_horde, kennysheep_donut, pan_entry, nicolae_shop_clearance,
          minmay_shop_star, serial_bayou_shore_b
Depths:2: evilmike_lava_path, layout_cave_pools, rand_demon_pan_entry_7,
          kennysheep_flooded_box, gammafunk_ghost_wrathful_warriors, hell_entry,
          firewood_loft, infiniplex_staircase_river, serial_bayou_shore_b
Depths:3: lemuel_castle_with_subvaults [lemuel_castle_interior_original],
          layout_twisted_cross, enter_ziggurat_c, hangedman_decor_growths,
          abyss_entry_flame_altar, hell_entry, hangedman_abyss_or_decor_stagger,
          minmay_checkered_concentric_circles, uniq_frederick, uniq_josephina,
          uniq_enchantress
Depths:4: evilmike_zot_entry_diamond, layout_basic, pf_hell_entry_tar_river,
          lemuel_round_altar, uniq_grunn
Zot:1:    layout_misc_corridors, regret_index_zotdec_fiery_em
Zot:2:    hellmonk_paralyzer, layout_onion,
          regret_index_zotdec_barnacled_alternative
Zot:3:    layout_misc_corridors, zot_minivault_1
Zot:4:    layout_basic, skrybe_zot_glass_1, nicolae_rock_paper_scissors
Zot:5:    layout_misc_corridors, st_stairs_3

Skill      XL: |  1  2  3  4  5  6  7  8  9 10 11 12 13 14 15 16 17 18 19 20 21 22 23 24 25 26 |
---------------+-------------------------------------------------------------------------------+-----
Stealth        | 1 2 |  2.6
Polearms       | 4 |  4.0
Maces & Flails | 1 2 4 6 8 10 11 13 14 | 14.0
Evocations     | 1 2 4 5 6 9 11 | 11.7
Fighting       | 4 5 6 8 9 12 13 17 20 21 22 23 | 23.0
Armour         | 1 3 7 8 9 11 | 11.8
Dodging        | 4 5 9 11 12 13 | 13.5
Shields        | 5 10 11 13 15 16 18 | 18.7
Axes           | 1 2 3 10 14 15 16 17 | 17.2
Shapeshifting  | 5 12 16 | 16.7
Translocations | 7 10 | 10.0
Spellcasting   | 4 6 8 |  8.0

Action                     |  1- 3 |  4- 6 |  7- 9 | 10-12 | 13-15 | 16-18 | 19-21 | 22-24 | 25-27 || total
---------------------------+-------+-------+-------+-------+-------+-------+-------+-------+-------++-------
  Melee: Spear             |    62 |     1 |       |       |       |       |       |       |       ||    63
         Flail             |       |   121 |   209 |   517 |   727 |   938 |   445 |       |       ||  2957
         Constrict         |       |       |       |       |   231 |   204 |   316 |   286 |   117 ||  1154
         Morningstar       |       |       |       |       |   347 |       |       |       |       ||   347
         Eveningstar       |       |       |       |       |       |       |   728 |   886 |   574 ||  2188
         War axe           |       |       |       |       |       |       |    31 |       |       ||    31
         Broad axe         |       |       |       |       |       |       |    13 |   653 |   766 ||  1432
  Throw: Dart              |     2 |     1 |       |    10 |     4 |     1 |       |       |       ||    18
   Cast: Blink             |       |       |       |       |       |       |       |     4 |     1 ||     5
Ability: Spit Poison       |    11 |     8 |    13 |     5 |     2 |       |       |       |       ||    39
  Evoke: Wand              |       |     1 |     7 |    19 |    46 |    24 |    14 |     4 |    19 ||   134
         Box of beasts     |       |       |       |       |       |       |       |     2 |     1 ||     3
    Use: Scroll            |     1 |     6 |     6 |    11 |    17 |     9 |    19 |    19 |    30 ||   118
         Potion            |     3 |       |       |     2 |     5 |     6 |     5 |    13 |    21 ||    55
   Stab: Paralysed         |       |       |       |       |     3 |     7 |       |     4 |     9 ||    23
         Sleeping          |       |       |       |       |     2 |     1 |     5 |       |       ||     8
         Invisible         |       |       |       |       |       |     9 |     2 |     2 |     4 ||    17
         Distracted        |       |       |       |       |       |     2 |     3 |     2 |     5 ||    12
         Petrified         |       |       |       |       |       |       |     3 |     1 |     3 ||     7
         Confused          |       |       |       |       |       |       |       |    11 |    28 ||    39
         Petrifying        |       |       |       |       |       |       |       |     1 |     1 ||     2
         Held in net/web   |       |       |       |       |       |       |       |     1 |       ||     1
 Armour: Robe              |     4 |       |       |       |       |       |       |       |       ||     4
         Leather armour    |    45 |     4 |       |       |   164 |       |       |       |       ||   213
         Chain mail        |       |   133 |    63 |       |       |       |       |       |       ||   196
         Scale mail        |       |       |    68 |       |       |       |       |       |       ||    68
         Steam dragon scal |       |       |     1 |     4 |       |       |       |       |       ||     5
         Ring mail         |       |       |       |   454 |   403 |    20 |       |       |       ||   877
         Plate armour      |       |       |       |       |   249 |   239 |       |   367 |   736 ||  1591
         Skin              |       |       |       |       |       |   281 |  1046 |   763 |    97 ||  2187
  Dodge: Dodged            |    35 |    37 |    66 |   251 |   321 |   287 |   750 |   728 |   224 ||  2699
  Block: Kite shield       |       |       |       |    74 |   763 |   803 |   366 |       |       ||  2006
         Tower shield      |       |       |       |       |       |       |  1397 |  2294 |  1872 ||  5563
   Form: Statue            |       |       |       |       |       |     1 |       |     1 |       ||     2
                           |       |       |       |       |       |       |       |     1 |     2 ||     3

Table legend: (Time is in decaauts)
 A = Elapsed time spent in this place.
 B = Non-inter-level travel time spent in this place.
 C = Inter-level travel time spent in this place.
 D = Time resting spent in this place.
 E = Time spent auto-exploring this place.
 F = Levels seen in this place.
 G = Mean time per level.
                   A        B        C        D        E       F      G
               +--------+--------+--------+--------+--------+-----+--------+
         Total |  85979 |  76841 |   9138 |  17110 |  42731 |  54 | 1592.2 |
       Dungeon |  26275 |  21654 |   4621 |   4180 |  13967 |  15 | 1751.7 |
          Lair |  10490 |   9007 |   1483 |   2509 |   4907 |   5 | 2098.0 |
        Shoals |   3939 |   3668 |    271 |     18 |   2610 |   4 |  984.8 |
     Snake Pit |  10250 |  10004 |    246 |   2443 |   5923 |   4 | 2562.5 |
    Slime Pits |   1469 |   1402 |     67 |    520 |      0 |   5 |  293.8 |
  Orcish Mines |   4357 |   3928 |    429 |   1251 |   2081 |   2 | 2178.5 |
   Elven Halls |   8746 |   8158 |    588 |   3076 |   3226 |   3 | 2915.3 |
        Vaults |   8382 |   8043 |    339 |    344 |   5768 |   4 | 2095.5 |
        Depths |   7383 |   6540 |    843 |    724 |   3872 |   4 | 1845.8 |
           Zot |   3727 |   3481 |    246 |   1765 |    358 |   5 |  745.4 |
         Abyss |    434 |    434 |      0 |      4 |      5 |   1 |  434.0 |
         Trove |    136 |    136 |      0 |      0 |      9 |   1 |  136.0 |
      Ice Cave |    386 |    386 |      0 |    273 |      0 |   1 |  386.0 |
               +--------+--------+--------+--------+--------+-----+--------+

Top non-repeatable levels by time:
   Elf:3: 3842 daAuts
    D:11: 3594 daAuts
  Lair:4: 3241 daAuts
 Snake:4: 3151 daAuts
   Elf:2: 3023 daAuts
    D:15: 2662 daAuts
Vaults:2: 2583 daAuts
  Lair:3: 2510 daAuts
 Snake:2: 2483 daAuts
   Zot:5: 2483 daAuts
   Orc:2: 2423 daAuts
 Snake:3: 2346 daAuts
    D:12: 2313 daAuts
 Snake:1: 2269 daAuts
Vaults:1: 2234 daAuts
